 Seeded DCSS version 0.28-a0-1339-ga5422284a4 (webtiles) character file.

Game seed: 12219887455895637472 (custom seed)

1974 oldmanjim the Fighter (level 9, -22/45 HPs)
             Began as a Felid Summoner on Dec 28, 2021.
             Was an Initiate of Gozag.
             Killed by an exploding themself (42 damage)
             ... ignited by their inner flame
             ... in a bailey.
             The game lasted 02:23:01 (12906 turns).

oldmanjim the Fighter (Felid Summoner)             Turns: 12906, Time: 02:23:03

Health: -22/45     AC:  2    Str:  4    XL:     9   Next: 0%
Magic:  9/16       EV: 20    Int: 20    God:    Gozag
Gold:   647        SH:  0    Dex: 18    Spells: 1/16 levels left
                                        Lives:  0   Deaths: 3

rFire   . . .      SeeInvis +   (weapon unavailable)
rCold   . . .      Faith    .   (shield unavailable)
rNeg    . . .      Spirit   .   (armour unavailable)
rPois   .          Reflect  .   (helmet unavailable)
rElec   .          Harm     .   (cloak unavailable)
rCorr   .          Rampage  .   (gloves unavailable)
Will    ++...                   (boots unavailable)
Stlth   +++.......              (no amulet)
HPRegen 0.15/turn               d - ring of willpower
MPRegen 0.15/turn               o - ring of wizardry

@: quick
A: very small, claws 1, fangs 3, see invisible, speed 1, shaggy fur 2, stealthy
paws, no weapons or thrown items, no armour, multi-lived
a: Renounce Religion, Potion Petition, Call Merchant, Bribe Branch


You were in a bailey.
You worshipped Gozag.
Gozag was pleased with you.
You visited 2 branches of the dungeon, and saw 10 of its levels.
You also visited: Bailey.

You collected 736 gold pieces.
You paid 89 gold pieces to Gozag.

Inventory:

Jewellery
 d - a ring of willpower (left paw)
 i - a ring of ice
 o - a ring of wizardry (right paw)
Wands
 a - a wand of digging (5)
 e - a wand of acid (19)
 l - a wand of flame (23)
Scrolls
 g - 2 scrolls of noise {unknown}
 j - a scroll of immolation {unknown}
 k - a scroll of teleportation
 m - a scroll of summoning {unknown}
 s - a scroll of magic mapping
Potions
 b - 2 potions of lignification
 c - 2 potions of brilliance
 f - 4 potions of might
 h - 3 potions of curing
 n - 3 potions of invisibility {unknown}
 p - a potion of attraction {unknown}
 q - a potion of flight {unknown}
 r - 2 potions of mutation
 t - a potion of haste {unknown}


   Skills:
 + Level 9.1 Fighting
 - Level 6.0 Dodging
 - Level 6.0 Stealth
 - Level 4.0 Spellcasting
 - Level 7.3 Hexes
 - Level 8.0 Summonings
 - Level 4.0 Translocations
 - Level 4.0 Air Magic


You had one spell level left.
You knew the following spells:

 Your Spells              Type           Power      Damage    Failure   Level
a - Summon Small Mammal   Summ           100%       N/A       1%          1
b - Call Imp              Summ           36%        N/A       1%          2
c - Call Canine Familiar  Summ           36%        N/A       1%          3
d - Summon Guardian Gole  Hex/Summ       34%        N/A       1%          3
e - Blink                 Tloc           40%        N/A       1%          2
f - Summon Lightning Spi  Summ/Air       28%        N/A       4%          4

Your spell library contained the following spells:

 Spells                   Type           Power      Damage    Failure   Level
 Gell's Gravitas          Tloc           20%        N/A       3%          3
 Lesser Beckoning         Tloc           20%        N/A       3%          3
 Teleport Other           Tloc           20%        N/A       3%          3
 Manifold Assault         Tloc           20%        N/A       26%         5
 Storm Form               Tmut/Air       6%         N/A       100%        7
 Maxwell's Capacitive Co  Air            10%        ∞         100%        8


Dungeon Overview and Level Annotations

Branches:
Dungeon (9/15)             Temple (1/1) D:7          Bailey (1/1)
   Lair: D:8-11         Orc: D:9-12

Altars:
Ashenzari
Cheibriados
Dithmenos
Elyvilon
Fedhas
Gozag
Hepliaklqana
Makhleb
Nemelex Xobeh
Qazlal
Ru
Sif Muna
Trog
Uskayaw
Vehumet
Wu Jian
Xom
Yredelemnul
Zin
The Shining One

Annotations:
D:7 3 runed translucent doors, exclusion: 3 doors, porpoise's ghost, novice DECj


Innate Abilities, Weirdness & Mutations

You have sharp claws.
You have razor-sharp teeth.
You have supernaturally acute eyesight. (SInv)
You cover ground quickly. (Speed+)
You are covered in thick fur. (AC +2)
Your paws help you pounce on unaware monsters.
You are incapable of wielding weapons or throwing items.
You cannot wear armour.
You gain extra lives every three experience levels.


Message History

Confirm with . or Enter, or press ? or * to list all spells.
A guardian golem appears, shielding your allies.
Your lightning spire shoots out a bolt of lightning at the orc warlord!
The bolt of electricity hits the orc warlord!
Your lightning spire shoots out a bolt of lightning at the orc warlord!
The bolt of electricity hits the orc warlord!
The bolt of electricity hits your guardian golem.
Your guardian golem resists.
The orc warlord hits your lightning spire with a +0 war axe!
The orc warlord hits your guardian golem with a +0 war axe.
The orc warlord hits your lightning spire with a +0 war axe!
The orc warlord hits your guardian golem with a +0 war axe!
Your guardian golem overheats!
The orc warlord hits your lightning spire with a +0 war axe!!
Your lightning spire is destroyed!
Your lightning spire disappears in a puff of smoke!
The orc warlord hits your guardian golem with a +0 war axe!
Flame seeps out of your guardian golem. x2
Your guardian golem is engulfed in blazing flames.
Your guardian golem disappears in a puff of smoke!
Your guardian golem explodes!
The fiery explosion engulfs the orc warlord!!
Casting: Summon Guardian Golem (safe; 1% risk of failure)
Confirm with . or Enter, or press ? or * to list all spells.
A guardian golem appears, shielding your allies.
The orc warlord is engulfed in blazing flames.
The orc warlord completely misses you.
The orc warlord hits your guardian golem with a +0 war axe!!
The orc warlord hits you with a +0 war axe!!
Ouch! That really hurt!
The orc warlord hits your guardian golem with a +0 war axe!!
Your guardian golem overheats!
The orc warlord hits your guardian golem with a +0 war axe!!
Your guardian golem disappears in a puff of smoke!
Your guardian golem explodes!
The fiery explosion engulfs the orc warlord!
The fiery explosion engulfs you!!!
Ouch! That really hurt!
You die...
Your body crumbles into a pile of gold.

♣∩...≈≈≈.#≈....∩....≈#.≈≈≈...∩♣
♣♣...)≈≈.#≈.........≈#)))≈...♣♣
♣...≈≈≈.#≈≈.8...8.≈≈#))≈≈...♣
♣♣..###'###.......###)###..♣♣
♣.##....#≈.8...8.≈#°...##.♣
♣##...).#≈≈≈≈≈≈≈≈≈#.....##♣
##......####≈≈≈####......##
#...8.....§#'''#....(.8...#
#...).....§§@§☼§..........#
#....)....o§§§.§..........#
##..8..8.....§☼....8..8..##
##.......#######.......##
##.....## ##.....## ##...##
##...## ##### #####


You could see an orc warlord.

Vanquished Creatures
  A centaur skeleton (D:7)
  An orc wizard (D:7)
  An adder (D:5)
  2 ufetubi
  A hobgoblin (Bailey)
  A quokka (D:3)
7 creatures vanquished.

Vanquished Creatures (collateral kills)
  Pikel (D:4)
  2 yaks (D:9)
  A water moccasin (D:5)
  A sky beast (D:7)
  An orc warrior (Bailey)
  A necrophage (D:4)
  3 centaurs
  3 lemures
  A kobold brigand (D:4)
  A gnoll sergeant (D:7)
  2 scorpions
  A wyvern skeleton (D:7)
  4 wights (D:7)
  A centaur zombie (D:9)
  A jelly (D:5)
  A bullfrog skeleton (D:6)
  4 hounds
  A centaur skeleton (D:7)
  4 orc wizards
  An iguana (D:5)
  Natasha (thrice) (D:4)
  A hound skeleton (D:5)
  A gnoll (Bailey)
  9 adders
  A white imp (D:5)
  A worm (D:4)
  4 dart slugs
  23 orcs
  6 ball pythons
  13 endoplasms
  2 giant cockroaches
  9 goblins
  10 hobgoblins
  3 quokkas
  7 bats
  6 frilled lizards
  18 kobolds
  4 rats
156 creatures vanquished.

Vanquished Creatures (others)
  An orc knight (Bailey)
  Grinder (D:4)
  A wyvern (D:7)
  3 yaks (D:9)
  Menkaure (D:4)
  Edmund (D:6)
  A water moccasin (D:7)
  2 orc warriors
  An ice beast (D:6)
  2 black bears
  2 centaurs
  A bullfrog (D:5)
  A scorpion (D:7)
  A bullfrog skeleton (D:4)
  An iguana (D:7)
  5 gnolls
  2 orcs (Bailey)
  A hobgoblin (Bailey)
  2 bushes (D:6)
30 creatures vanquished.

Grand Total: 193 creatures vanquished

Notes
Turn   | Place    | Note
-------+----------+-------------------------------------------
     0 | D:1      | oldmanjim the Felid Summoner began the quest for the Orb.
     0 | D:1      | Reached XP level 1. HP: 7/7 MP: 4/4
   388 | D:1      | Reached XP level 2. HP: 6/11 MP: 1/6
   588 | D:1      | Learned a level 2 spell: Call Imp
  1494 | D:1      | Reached XP level 3. HP: 14/14 MP: 3/7
  1664 | D:1      | Learned a level 3 spell: Call Canine Familiar
  1764 | D:1      | Found a faded altar of an unknown god.
  2578 | D:2      | Reached XP level 4. HP: 18/18 MP: 2/8
  3174 | D:3      | Found a burning altar of Makhleb.
  3366 | D:4      | Noticed Grinder
  3387 | D:3      | Found a basalt altar of Yredelemnul.
  3486 | D:3      | Reached skill level 5 in Dodging
  3489 | D:3      | Reached XP level 5. HP: 21/21 MP: 0/9
  4045 | D:4      | Noticed Natasha
  4045 | D:4      | Noticed a lemure
  4045 | D:4      | Noticed a lemure
  4045 | D:4      | Noticed a lemure
  4045 | D:4      | Noticed Pikel
  4089 | D:4      | Reached skill level 5 in Stealth
  4089 | D:4      | Reached skill level 5 in Summonings
  4095 | D:4      | Noticed a necrophage
  4105 | D:4      | Killed a necrophage
  4106 | D:4      | Reached skill level 2 in Fighting
  4106 | D:4      | Gained mutation: You are covered in thick fur. (AC +2)
                  | [Felid growth]
  4106 | D:4      | Reached XP level 6. HP: 20/26 MP: 4/10
  4236 | D:3      | Slain by a lemure
  4237 | D:3      | Reached XP level 5. HP: -2/22 MP: 2/10
  4290 | D:3      | Found a basalt altar of Yredelemnul.
  4349 | D:3      | Killed a lemure
  4407 | D:3      | Killed a lemure
  4751 | D:3      | Learned a level 3 spell: Summon Guardian Golem
  5025 | D:3      | Found a burning altar of Makhleb.
  5447 | D:4      | Killed Natasha
  5448 | D:4      | Reached XP level 6. HP: 26/26 MP: 3/11
  5516 | D:5      | Entered Level 5 of the Dungeon
  5803 | D:4      | Killed Grinder
  5975 | D:4      | Noticed Menkaure
  5987 | D:4      | Killed Menkaure
  5988 | D:4      | Reached XP level 7. HP: 30/30 MP: 7/12
  6252 | D:4      | Killed Pikel
  6253 | D:4      | Reached skill level 3 in Fighting
  6253 | D:4      | Reached XP level 8. HP: 26/34 MP: 0/15
  6378 | D:4      | Noticed Natasha
  6397 | D:4      | Killed Natasha
  6566 | D:4      | Found a broken altar of Ashenzari.
  6625 | D:4      | Noticed Natasha
  6632 | D:4      | Killed Natasha
  6871 | D:5      | Reached skill level 5 in Hexes
  7447 | D:5      | Learned a level 2 spell: Blink
  7541 | D:5      | Found an ornate altar of the Wu Jian Council.
  8233 | D:5      | Learned a level 4 spell: Summon Lightning Spire
  8291 | D:6      | Found a blossoming altar of Fedhas.
  8347 | D:6      | Noticed Edmund
  8664 | D:6      | Reached skill level 4 in Fighting
  8717 | D:6      | Killed Edmund
  8718 | D:6      | Reached skill level 1 in Air Magic
  8995 | D:6      | Shot with an arrow by a centaur
  8996 | D:6      | Reached XP level 7. HP: 0/32 MP: 5/14
  9036 | D:5      | Reached XP level 8. HP: 36/36 MP: 10/15
 10622 | D:7      | Found a runed translucent gate.
 10622 | D:7      | Found a runed translucent gate.
 10622 | D:7      | Found a runed translucent gate.
 10623 | D:7      | Noticed porpoise's ghost (novice DECj)
 10623 | D:7      | Found the +5 sword of Power {vorpal}
 10665 | D:7      | Found a staircase to the Ecumenical Temple.
 10674 | Temple   | Entered the Ecumenical Temple
 10914 | Temple   | Became a worshipper of Gozag Ym Sagoz the Greedy
 11015 | D:7      | Reached skill level 5 in Fighting
 11069 | D:7      | Reached XP level 9. HP: 40/40 MP: 12/16
 11118 | D:7      | Reached skill level 6 in Fighting
 11591 | D:7      | Found a shimmering blue altar of Sif Muna.
 11770 | D:9      | Found a hide-covered altar of Uskayaw.
 11848 | D:9      | Found a flagged portal.
 11865 | D:9      | Reached skill level 7 in Fighting
 11884 | D:9      | Reached skill level 8 in Fighting
 11950 | Bailey   | Entered a bailey
 12168 | Bailey   | Noticed an orc warlord
 12248 | Bailey   | Noticed an orc knight
 12269 | Bailey   | Killed an orc knight
 12272 | Bailey   | Reached skill level 9 in Fighting
 12431 | Bailey   | Found a runed translucent gate.
 12433 | Bailey   | Found a runed translucent gate.
 12443 | Bailey   | Found a runed translucent gate.
 12454 | Bailey   | Reached XP level 10. HP: 49/49 MP: 9/17
 12872 | Bailey   | Mangled by an orc warlord
 12873 | Bailey   | Reached XP level 9. HP: -9/45 MP: 3/16
 12906 | Bailey   | Killed by an exploding themself... ignited by their inner
                  | flame

Illustrated notes

Levels and vault maps discovered:
D:1:      mushboom_english_gardens, layout_loops_ring, serial_aquarium,
          aquarium_bridge_island_small [aquarium_subvault_small_open,
          aquarium_subvault_wall, aquarium_subvault_bridge,
          aquarium_subvault_bridge, aquarium_subvault_wall],
          aquarium_window_fake, aquarium_window_1, aquarium_window_2,
          aquarium_view_2f, aquarium_view_2f, aquarium_pool_2,
          nicolae_ecumenical_lake_church
D:2:      layout_rooms, kennysheep_generic_room_3
D:3:      layout_loops_ring, bloody_makhleb, lemuel_round_altar
D:4:      layout_rooms, mainiacjoe_overflow_surrounded_room, uniq_menkaure,
          uniq_natasha, uniq_grinder, uniq_pikel
D:5:      layout_loops_ring, mainiacjoe_overflow_alcove_1
D:6:      layout_rooms, fedhas_bush_and_centaur_altar, uniq_edmund
D:7:      layout_basic, lemuel_blue_sif_altar, minmay_temple_entry_waves,
          gammafunk_ghost_necromancy
D:8:      layout_basic, marbit_many_paths, kennysheep_mini_moat,
          dpeg_lair_monsters, minmay_misc_feat_rows, uniq_maggie, uniq_psyche
D:9:      layout_roguey, mainiacjoe_overflow_paths, enter_bailey_2
Temple:   nicolae_temple_figure_eight
Bailey:   bailey_axe_bossmonster_kennysheep, bailey

Skill      XL: |  1  2  3  4  5  6  7  8  9 |
---------------+----------------------------+-----
Dodging        | 3 4 5 6 |  6.0
Stealth        | 3 4 5 6 |  6.0
Summonings     | 5 6 7 8 |  8.0
Fighting       | 2 3 5 9 |  9.1
Spellcasting   | 3 4 |  4.0
Hexes          | 2 3 4 7 |  7.3
Translocations | 4 |  4.0
Air Magic      | 4 |  4.0

Action                   |  1- 3 |  4- 6 |  7- 9 | 10-12 || total
-------------------------+-------+-------+-------+-------++-------
Melee: Unarmed           |     1 |    11 |    65 |     8 ||    85
       Bite              |       |       |     5 |       ||     5
 Cast: Summon Small Mamm |    48 |    35 |    10 |       ||    93
       Call Imp          |    17 |    29 |    31 |       ||    77
       Call Canine Famil |     2 |    25 |    52 |     1 ||    80
       Summon Guardian G |       |     2 |    36 |     4 ||    42
       Summon Lightning  |       |       |    17 |     3 ||    20
       Blink             |       |       |     2 |       ||     2
Evoke: Wand              |       |       |     3 |       ||     3
  Use: Scroll            |       |     1 |     9 |       ||    10
 Stab: Sleeping          |       |       |     2 |       ||     2
Armor: Skin              |     1 |     2 |    11 |       ||    14
Dodge: Dodged            |    21 |    58 |   210 |    13 ||   302

Table legend: (Time is in decaauts)
 A = Elapsed time spent in this place.
 B = Non-inter-level travel time spent in this place.
 C = Inter-level travel time spent in this place.
 D = Time resting spent in this place.
 E = Time spent auto-exploring this place.
 F = Levels seen in this place.
 G = Mean time per level.
                   A        B        C        D        E       F      G
               +--------+--------+--------+--------+--------+-----+--------+
         Total |  11647 |  11147 |    500 |   2766 |   4496 |  11 | 1058.8 |
       Dungeon |  10538 |  10091 |    447 |   2576 |   4085 |   9 | 1170.9 |
        Temple |    225 |    172 |     53 |      0 |    168 |   1 |  225.0 |
        Bailey |    884 |    884 |      0 |    190 |    241 |   1 |  884.0 |
               +--------+--------+--------+--------+--------+-----+--------+

Top non-repeatable levels by time:
     D:3: 2375 daAuts
     D:1: 2125 daAuts
     D:5: 1748 daAuts
     D:7: 1421 daAuts
     D:6: 1054 daAuts
     D:4: 1051 daAuts
  Bailey: 884 daAuts
     D:2: 556 daAuts
  Temple: 225 daAuts
     D:9: 180 daAuts
     D:8: 24 daAuts
